 Dungeon Crawl Stone Soup version 0.29.1-12-g30fa7ad0bf (webtiles) character file.

Game seed: 5607398127590206684

1694 MariaPascua the Sneak (level 9, -2/65 HPs)
             Began as a Human Brigand on Dec 14, 2022.
             Was a Follower of the Shining One.
             Slain by a steam dragon (5 damage)
             ... on level 7 of the Dungeon.
             The game lasted 00:33:54 (7849 turns).

MariaPascua the Sneak (Human Brigand)               Turns: 7849, Time: 00:33:54

Health: -2/65      AC:  6    Str: 12    XL:     9   Next: 22%
Magic:  19/21      EV: 13    Int: 13    God:    the Shining One [*.....]
Gold:   426        SH:  5    Dex: 15    Spells: 0/12 levels left

rFire   . . .      SeeInvis .   a - +3 dagger (elec)
rCold   . . .      Faith    .   (no shield)
rNeg    . . .      Spirit   .   b - +0 robe
rPois   .          Reflect  +   t - +2 helmet
rElec   .          Harm     .   c - +0 cloak
rCorr   .          Rampage  .   (no gloves)
Will    .....      Rage     3%  (no boots)
Stlth   +.........              n - amulet of reflection
HPRegen 0.20/turn               o - ring of magical power
MPRegen 0.17/turn               (no ring)

@: wereblooded, glowing
A: berserk 1, dopey 1
a: Renounce Religion, Divine Shield


You were on level 7 of the Dungeon.
You worshipped the Shining One.
The Shining One was aware of your devotion.
You visited 2 branches of the dungeon, and saw 8 of its levels.

You collected 426 gold pieces.

Inventory:

Hand Weapons
 a - a +3 dagger of electrocution (weapon)
 d - a +4 sling of venom
Missiles
 e - a curare-tipped dart (quivered)
 f - 2 javelins
Armour
 b - a +0 robe (worn)
 c - a +0 cloak (worn)
 t - a +2 helmet (worn)
Jewellery
 m - an amulet of faith
 n - an amulet of reflection (around neck)
 o - a ring of magical power (left hand)
Wands
 k - a wand of charming (6)
Scrolls
 l - 3 scrolls of teleportation
 q - a scroll of amnesia
 u - a scroll of magic mapping
 w - a scroll of vulnerability
Potions
 g - a potion of brilliance {unknown}
 i - 2 potions of might {unknown}
 j - a potion of magic {unknown}
 p - a potion of degeneration {unknown}
 r - a potion of resistance {unknown}
 v - a potion of attraction {unknown}


   Skills:
 * Level 3.8 Fighting
 * Level 5.1 Short Blades
 * Level 2.3 Ranged Weapons
 * Level 3.4 Throwing
 * Level 2.7 Armour
 * Level 3.0 Dodging
 * Level 5.3 Stealth
 + Level 0.4 Shields
 * Level 2.1 Spellcasting
 * Level 2.2 Hexes
 * Level 3.0 Transmutations
 * Level 1.9 Earth Magic
 * Level 2.0 Invocations
 * Level 2.6 Evocations


You couldn't memorise any spells.
You knew the following spells:

 Your Spells              Type           Power      Damage    Failure   Level
a - Petrify               Tmut/Erth      7%         N/A       65%         4
b - Tukima's Dance        Hex            7%         N/A       30%         3
c - Wereblood             Tmut           9%         N/A       11%         2
d - Spider Form           Tmut/Pois      5%         N/A       38%         3

Your spell library contained the following spells:

 Spells                   Type           Power      Damage    Failure   Level
 Ensorcelled Hibernation  Hex/Ice        8%         N/A       24%         2
 Blink                    Tloc           2%         N/A       36%         2
 Sublimation of Blood     Necr           1%         N/A       36%         2
 Portal Projectile        Hex/Tloc       8%         N/A       43%         3
 Lesser Beckoning         Tloc           1%         N/A       58%         3
 Anguish                  Hex/Necr       2%         N/A       85%         4
 Blade Hands              Tmut           4%         N/A       89%         5
 Metabolic Englaciation   Hex/Ice        2%         N/A       99%         5
 Silence                  Hex/Air        2%         N/A       99%         5
 Summon Mana Viper        Hex/Summ       4%         N/A       99%         5
 Manifold Assault         Tloc           1%         N/A       100%        5
 Statue Form              Tmut/Erth      4%         N/A       100%        6
 Summon Hydra             Summ           0%         N/A       100%        7


Dungeon Overview and Level Annotations

Branches:
Dungeon (7/15)             Temple (1/1) D:5

Altars:
Qazlal
Yredelemnul
The Shining One


Innate Abilities, Weirdness & Mutations

You sometimes lose your temper in combat.
You are dopey. (Int -2)


Message History

Your +4 sling of venom stops dripping with poison.
You hear the crackle of electricity.
a - a +3 dagger of electrocution (weapon)
You see here 2 javelins.
f - 2 javelins A steam dragon comes into view.
The steam dragon hisses angrily.
The steam dragon breathes steam at you. The ball of steam hits you!
You are engulfed in a cloud of scalding steam.
The steam dragon barely misses you.
The steam dragon claws you but does no damage.
Casting: Tukima's Dance (dangerous; 30% risk of failure)
Confirm with . or Enter, or press ? or * to list all spells.
Okay, then.
Casting: Tukima's Dance (dangerous; 30% risk of failure)
Confirm with . or Enter, or press ? or * to list all spells.
Your blood is infused with primal strength.
You are engulfed in a cloud of scalding steam.
The steam dragon breathes steam at you. The ball of steam hits you!
You hit the steam dragon but do no damage.
You are engulfed in a cloud of scalding steam.
* * * LOW HITPOINT WARNING * * *
The steam dragon bites you but does no damage.
The steam dragon claws you.
* * * LOW HITPOINT WARNING * * *
You hit the steam dragon.
The steam dragon is lightly wounded.
You are engulfed in a cloud of scalding steam.
* * * LOW HITPOINT WARNING * * *
You hit the steam dragon.
The steam dragon is lightly wounded.
You are engulfed in a cloud of scalding steam.
* * * LOW HITPOINT WARNING * * *
The steam dragon barely misses you. x2
You barely miss the steam dragon.
The steam dragon is lightly wounded.
The steam dragon bites you.
You die...

.......# .......#
### .......####..
#.............
### ##..........
.# #..#
##...######
.###... ##..##
##....# ##...###
#.§.D.###
.......#
##..@##..#
...##...#
#§§§§...# ...#
##...###.§##..##
...#
#...#§...#..# ##
..## ##.........#
#.# ..#
##.....#..###...#
#.#
#..##......#..#
#.# #..
###...#..# #.#
#..# #..#..#.#


You could see a steam dragon (catching breath).

Vanquished Creatures
  3 water moccasins
  An ice beast (D:5)
  An ogre (D:5)
  A centaur (D:6)
  A phantom (D:5)
  A bullfrog (D:6)
  3 scorpions
  2 wights
  5 killer bees (D:7)
  A howler monkey (D:4)
  A jelly (D:5)
  A hound (D:6)
  An iguana (D:5)
  7 adders
  8 gnolls
  A white imp (D:5)
  A worm (D:3)
  2 dart slugs (D:1)
  8 orcs
  5 ball pythons
  6 endoplasms
  2 giant cockroaches
  4 goblins
  8 hobgoblins
  9 jackals
  6 bats
  5 frilled lizards
  10 kobolds
  3 rats (D:1)
107 creatures vanquished.

Vanquished Creatures (collateral kills)
  A wight (D:7)
  A jelly (D:4)
  2 gnolls (D:4)
  4 orcs
  A kobold (D:4)
9 creatures vanquished.

Vanquished Creatures (others)
  A killer bee (D:6)
  A gnoll (D:4)
  A jelly zombie (D:4)
  2 gnoll zombies (D:4)
  A ball python zombie (D:4)
6 creatures vanquished.

Grand Total: 122 creatures vanquished

Notes
Turn   | Place    | Note
-------+----------+-------------------------------------------
     0 | D:1      | MariaPascua the Human Brigand began the quest for the Orb.
     0 | D:1      | Reached XP level 1. HP: 16/16 MP: 1/1
   126 | D:1      | Reached XP level 2. HP: 22/22 MP: 2/2
   304 | D:1      | Reached XP level 3. HP: 27/27 MP: 3/3
   602 | D:1      | Got the Discourse on Metamorphic Enchantment
   808 | D:2      | Reached XP level 4. HP: 29/33 MP: 4/4
  1795 | D:2      | Reached skill level 1 in Armour
  1795 | D:2      | Reached XP level 5. HP: 23/39 MP: 5/5
  1921 | D:2      | Learned a level 4 spell: Petrify
  2279 | D:3      | Found a faded altar of an unknown god.
  3059 | D:3      | Prayed at the altar of an unknown god.
  3059 | D:3      | Became a worshipper of Yredelemnul the Dark
  3059 | D:3      | Reached * piety under Yredelemnul
  3245 | D:4      | Reached skill level 1 in Spellcasting
  3245 | D:4      | Reached XP level 6. HP: 30/46 MP: 7/7
  3311 | D:4      | Reached skill level 1 in Transmutations
  3545 | D:4      | Learned a level 3 spell: Tukima's Dance
  4181 | D:5      | Entered Level 5 of the Dungeon
  4207 | D:5      | Reached skill level 1 in Ranged Weapons
  4273 | D:5      | Noticed a water moccasin
  4281 | D:5      | Killed a water moccasin
  4282 | D:5      | Reached XP level 7. HP: 33/51 MP: 8/8
  4332 | D:5      | Reached skill level 1 in Evocations
  4382 | D:5      | Found a staircase to the Ecumenical Temple.
  4396 | Temple   | Entered the Ecumenical Temple
  4421 | Temple   | Fell from the grace of Yredelemnul
  4421 | Temple   | Became a worshipper of the Shining One
  4474 | D:5      | Reached skill level 1 in Earth Magic
  5124 | D:5      | Reached skill level 5 in Stealth
  5124 | D:5      | Reached XP level 8. HP: 57/58 MP: 10/10
  5155 | D:5      | Reached skill level 1 in Invocations
  5371 | D:5      | Gained mutation: You are dopey. (Int -2) [potion of
                  | mutation]
  5371 | D:5      | Gained mutation: You sometimes lose your temper in combat.
                  | [potion of mutation]
  5472 | D:5      | Learned a level 2 spell: Wereblood
  5820 | D:6      | Reached skill level 1 in Hexes
  6987 | D:7      | Reached * piety under the Shining One
  7483 | D:7      | Reached XP level 9. HP: 65/65 MP: 12/12
  7702 | D:7      | Reached skill level 5 in Short Blades
  7812 | D:7      | Learned a level 3 spell: Spider Form
  7848 | D:7      | HP: 3/65 [steam dragon] (7)]
  7849 | D:7      | Slain by a steam dragon

Illustrated notes

Levels and vault maps discovered:
D:1:      minmay_arrival_semitransparent, layout_rooms
D:2:      wander_river, layout_basic, roderic_roman_lattice
D:3:      layout_basic, hellmonk_ecumenical_altar_arch_garden
D:4:      layout_loops_ring
D:5:      layout_cave_pools, minmay_temple_entry_arrows
D:6:      layout_basic
D:7:      layout_layer_cave
Temple:   mainiacjoe_temple_hex_bubbles

Skill      XL: |  1  2  3  4  5  6  7  8  9 |
---------------+----------------------------+-----
Armour         | 1 2 |  2.7
Short Blades   | 3 4 5 |  5.1
Spellcasting   | 1 2 |  2.1
Transmutations | 1 2 3 |  3.0
Ranged Weapons | 1 2 |  2.3
Dodging        | 2 3 |  3.0
Fighting       | 3 |  3.8
Evocations     | 2 |  2.6
Earth Magic    | 1 |  1.9
Stealth        | 5 |  5.3
Throwing       | 3 |  3.4
Invocations    | 1 2 |  2.0
Hexes          | 2 |  2.2
Shields        | |  0.4

Action                   |  1- 3 |  4- 6 |  7- 9 || total
-------------------------+-------+-------+-------++-------
Melee: Dagger            |    72 |   173 |   120 ||   365
       Punch             |       |     1 |     1 ||     2
 Fire: Sling             |       |     4 |    19 ||    23
Throw: Dart              |    29 |    22 |     9 ||    60
       Boomerang         |       |     1 |     8 ||     9
 Cast: Tukima's Dance    |       |       |     6 ||     6
       Wereblood         |       |       |     1 ||     1
Invok: Recall Undead Har |       |     2 |       ||     2
Evoke: Wand              |       |     5 |     2 ||     7
  Use: Scroll            |     1 |    10 |     7 ||    18
       Potion            |       |     6 |     6 ||    12
 Stab: Sleeping          |     5 |     3 |       ||     8
Armor: Robe              |    18 |    28 |    24 ||    70
Dodge: Dodged            |    49 |    78 |    51 ||   178
Block: Other             |       |    22 |    16 ||    38
       Reflection        |       |       |     1 ||     1
